AoeStats
← ILoveMonks

MegaRandom

508671136Analyzed
2v2 RM · 9d ago on Sep 23, 2026· 40m 37s· 4 players
Game mode
Random Map
Map size
Medium (4 player)
Population
200
Speed
Normal
Resources
Standard
Victory
Conquest
Starting age
Dark Age
Ending age
Imperial Age
RankedLock teamsTeams togetherTeam positionsShared explorationLock speedFull tech treeHidden civsTurbo modeCheats
Victory
Defeat
🇦🇷 Magyars · Argentina
1429
+13
🇧🇷 Romans · Brazil
1296
+19
🇩🇪 Persians · Germany
1407
-18
🇩🇪 Varangians · Germany
1304
-26
ILoveMonks
6:41 Loom
8:50 Feudal Age
9:21 Double-Bit Axe
11:35 Bloodlines
11:24 Horse Collar
22:06 Castle Age
20:38 Scale Barding Armor
21:30 Forging
21:56 Gold Mining
22:06 Light Cavalry
22:59 Bow Saw
24:22 Chain Barding Armor
KIV.EinHonigtee
10:59 Feudal Age
9:17 Loom
11:02 Feudal Age
16:52 Castle Age
20:01 Double-Bit Axe
23:29 Horse Collar
25:45 Bow Saw
28:54 Wheelbarrow
28:46 Bloodlines
28:52 Scale Barding Armor
29:54 Forging
30:51 Chain Barding Armor
31:50 Iron Casting
33:01 Heavy Plow
34:08 Husbandry
34:55 Gold Mining
34:56 Stone Mining
39:51 Imperial Age
39:42 Cavalier
40:59 Plate Barding Armor
valmircampolino
7:05 Loom
9:48 Feudal Age
10:39 Double-Bit Axe
11:43 Horse Collar
17:55 Wheelbarrow
18:17 Forging
22:08 Castle Age
20:49 Man-at-Arms
22:38 Scale Mail Armor
22:16 Long Swordsman
22:57 Squires
23:35 Iron Casting
22:28 Pikeman
28:00 Chain Mail Armor
38:35 Fletching
39:22 Iron Casting
39:06 Hand Cart
42:48 Imperial Age
AkiLLes
6:31 Loom
9:19 Feudal Age
15:03 Double-Bit Axe
16:45 Scale Barding Armor
22:34 Castle Age
21:26 Bloodlines
21:36 Horse Collar
23:20 Husbandry
31:24 Chain Barding Armor
34:06 Wheelbarrow
33:17 Town Watch
40:01 Imperial Age
40:08 Cavalier
41:44 Plate Barding Armor
Connection lost

Rejoining the realm…

Still unreachable

The connection could not be restored.

Session expired

The server has moved on; the page needs a fresh start.